 Dungeon Crawl Stone Soup version 0.30-a0-140-gd1020e658a (console) character file.

Game seed: 16807374145158357694

1290 Colgate the Trooper (level 8, -1/57 HPs)
             Began as an Octopode Transmuter on Sept 24, 2022.
             Was a Believer of Vehumet.
             Slain by a centaur (3 damage)
             ... on level 6 of the Dungeon.
             The game lasted 00:39:56 (9904 turns).

Colgate the Trooper (Octopode Transmuter)           Turns: 9904, Time: 00:39:57

Health: -1/57      AC:  1    Str:  9    XL:     8   Next: 55%
Magic:  20/20      EV: 14    Int: 24    God:    Vehumet [**....]
Gold:   320        SH:  0    Dex: 12    Spells: 9/11 levels left

rFire   . . .      SeeInvis .    a - +2 war axe (freeze)
rCold   . . .      Faith    +    (no shield)
rNeg    + . .      Spirit   .    (helmet restricted)
rPois   .          Reflect  .    j - amulet of faith
rElec   .          Harm     .    d - +6 ring of intelligence
rCorr   .          Rampage  .    i - ring of positive energy
Will    .....                    t - ring of magical power
Stlth   +++.......               (no ring)
HPRegen 0.19/turn                (no ring)
MPRegen 0.17/turn                (no ring)
                                 (no ring)
                                 (no ring)

@: no status effects
A: almost no armour, amphibious, 8 rings, camouflage 1, gelatinous body 1,
(nimble swimmer 1), tentacles
a: Renounce Religion


You were on level 6 of the Dungeon.
You worshipped Vehumet.
Vehumet was pleased with you.
You visited 1 branch of the dungeon, and saw 6 of its levels.

You collected 320 gold pieces.

Inventory:

Hand Weapons
 a - a +2 war axe of freezing (weapon)
 b - a +2 falchion of holy wrath
 u - a +0 scythe
 v - a +0 whip of electrocution
Missiles
 A - a throwing net {!f}
Jewellery
 d - a +6 ring of intelligence (left tentacle)
 i - a ring of positive energy (right tentacle)
 j - an amulet of faith (around mantle)
 p - an amulet of magic regeneration
 t - a ring of magical power (on tentacle)
Wands
 o - a wand of roots (1) {@v2}
 y - a wand of quicksilver (8)
Scrolls
 f - a scroll of noise {unknown}
 g - a scroll of enchant weapon {unknown}
 l - a scroll of torment {unknown}
 q - 4 scrolls of summoning
 w - 4 scrolls of teleportation {unknown}
 B - a scroll of enchant armour {unknown}
Potions
 c - 6 potions of curing {@q1}
 e - a potion of ambrosia
 h - a potion of cancellation {unknown}
 k - a potion of invisibility {unknown}
 m - 2 potions of attraction
 n - 2 potions of lignification
 r - 2 potions of heal wounds {@q2}
 s - a potion of mutation {unknown}
 x - a potion of flight {unknown}
 z - a potion of haste {unknown}


   Skills:
 - Level 6.3 Fighting
 - Level 3.8 Dodging
 - Level 3.4 Stealth
 - Level 3.6 Unarmed Combat
 - Level 2.0 Spellcasting
 - Level 5.4 Conjurations
 - Level 2.0 Transmutations
 + Level 2.5 Evocations


You had 9 spell levels left.
You knew the following spells:

 Your Spells              Type           Power      Damage    Failure   Level
a - Beastly Appendage     Tmut           24%        N/A       5%          1
b - Magic Dart            Conj           100%       1d8       1%          1

Your spell library contained the following spells:

 Spells                   Type           Power      Damage    Failure   Level
 Frozen Ramparts          Ice            4%         1d1       34%         3
 Wereblood                Tmut           12%        N/A       8%          2
 Necrotise                Necr           8%         1d4       12%         1
 Summon Small Mammal      Summ           8%         N/A       12%         1
 Spider Form              Tmut/Pois      7%         N/A       24%         3
 Call Canine Familiar     Summ           2%         N/A       34%         3
 Summon Guardian Golem    Hex/Summ       2%         N/A       34%         3
 Vampiric Draining        Necr           2%         2d6       34%         3
 Ice Form                 Ice/Tmut       7%         N/A       61%         4
 Agony                    Necr           2%         N/A       97%         5


Dungeon Overview and Level Annotations

Branches:
Dungeon (6/15)
 Temple: D:4-7

Altars:
Makhleb
Vehumet
Wu Jian
Xom
The Shining One


Innate Abilities, Weirdness & Mutations

You cannot wear most types of armour.
You are amphibious.
You can wear up to eight rings at the same time.
Your skin changes colour to match your surroundings (Stealth+).
Your rubbery body absorbs attacks. (AC +1, EV +1)
((You are camouflaged when in or above water. (Stealth+)))
You have tentacles for arms and can constrict up to eight enemies at once.


Message History

The puff of frost hits you! The white imp gestures at you.
The puff of frost hits you!
There is a stone staircase leading up here.
You climb upwards.
There is a stone staircase leading down here.
There is a stone staircase leading down here.
No target in view!
HP restored.
Done exploring.
You climb downwards.
There is a stone staircase leading up here.
No target in view!
A centaur comes into view.
The magic dart hits the centaur.
The centaur shouts!
The centaur wields a +0 shortbow.
The centaur shoots an arrow.
The arrow closely misses you.
The centaur shoots an arrow.
The arrow closely misses you.
The centaur shoots an arrow.
The arrow barely misses you.
The centaur shoots an arrow.
The arrow hits you!
The centaur shoots an arrow.
The arrow hits you!
The centaur shoots an arrow.
The arrow hits you!
* * * LOW HITPOINT WARNING * * *
You start resting.
The centaur shoots an arrow.
The arrow barely misses you.
The centaur shoots an arrow.
The arrow closely misses you.
The centaur unwields a +0 shortbow.
The centaur hits you but does no damage.
The centaur kicks you but does no damage.
You hit the centaur but do no damage. You squeeze the centaur.
The centaur hits you.
* * * LOW HITPOINT WARNING * * *
The centaur barely misses you. The centaur hits you.
* * * LOW HITPOINT WARNING * * *
The centaur kicks you.
* * * LOW HITPOINT WARNING * * *
The centaur barely misses you. x2
You slash the centaur! You freeze the centaur. Your squeeze misses the centaur.
The centaur hits you.
* * * LOW HITPOINT WARNING * * *
The centaur kicks you but does no damage.
The centaur closely misses you. x2
You hit the centaur. You freeze the centaur. Your squeeze misses the centaur.
The centaur hits you.
You die...

#......# #......
#......# #......
###......#######......
#.....................
#.....................
#.....................
#...........>.........
#...............#+####
#..............>#
#...............#
#....@##+########
#...c.# #.....#
#.....# #.....#
#.....# #.....#
##..... #......


You could see a centaur.

Vanquished Creatures
  Sigmund (D:3)
  A wyvern (D:4)
  A black bear (D:4)
  A sky beast (D:4)
  2 ogres (D:5)
  2 necrophages (D:5)
  3 scorpions
  2 orc priests (D:5)
  An iguana (D:5)
  9 gnolls
  5 adders
  A white imp (D:3)
  4 worms
  A dart slug (D:2)
  12 orcs
  5 ball pythons
  7 endoplasms
  3 giant cockroaches (D:1)
  12 goblins
  2 hobgoblins
  4 jackals (D:2)
  4 quokkas
  3 bats (D:1)
  2 frilled lizards (D:2)
  4 kobolds
  2 rats (D:3)
94 creatures vanquished.

Vanquished Creatures (others)
  2 fungi (D:1)
2 creatures vanquished.

Grand Total: 96 creatures vanquished

Notes
Turn   | Place    | Note
-------+----------+-------------------------------------------
     0 | D:1      | Colgate the Octopode Transmuter began the quest for the
                  | Orb.
     0 | D:1      | Reached XP level 1. HP: 13/13 MP: 3/3
   123 | D:1      | Reached skill level 1 in Stealth
   154 | D:1      | Found a faded altar of an unknown god.
   243 | D:1      | Prayed at the altar of an unknown god.
   243 | D:1      | Became a worshipper of Vehumet
   243 | D:1      | Reached * piety under Vehumet
   243 | D:1      | Offered knowledge of Magic Dart by Vehumet.
   245 | D:1      | Reached XP level 2. HP: 18/18 MP: 5/5
   484 | D:1      | Learned a level 1 spell: Magic Dart
   936 | D:1      | Reached skill level 1 in Conjurations
  1426 | D:2      | Reached XP level 3. HP: 23/23 MP: 3/6
  2156 | D:2      | Offered knowledge of Freeze by Vehumet.
  2326 | D:2      | Reached ** piety under Vehumet
  2407 | D:2      | Reached XP level 4. HP: 28/28 MP: 3/7
  3630 | D:3      | Noticed Sigmund
  3636 | D:3      | Killed Sigmund
  3637 | D:3      | Reached skill level 5 in Conjurations
  3637 | D:3      | Reached XP level 5. HP: 24/33 MP: 4/8
  3637 | D:3      | Reached XP level 6. HP: 27/38 MP: 4/9
  4285 | D:3      | Found a shimmering altar of Xom.
  4687 | D:4      | Reached skill level 1 in Evocations
  4803 | D:4      | Reached skill level 2 in Fighting
  5167 | D:4      | Noticed a wyvern
  5174 | D:4      | Killed a wyvern
  5175 | D:4      | Reached skill level 4 in Fighting
  5175 | D:4      | Reached XP level 7. HP: 17/48 MP: 10/10
  5602 | D:4      | Reached skill level 5 in Fighting
  7420 | D:5      | Entered Level 5 of the Dungeon
  7428 | D:5      | Found a glowing golden altar of the Shining One.
  7428 | D:5      | Found a burning altar of Makhleb.
  7538 | D:5      | Reached XP level 8. HP: 51/57 MP: 11/11
  7682 | D:5      | Reached skill level 6 in Fighting
  7717 | D:5      | Offered knowledge of Frozen Ramparts by Vehumet.
  7741 | D:5      | Found an ornate altar of the Wu Jian Council.
  8869 | D:5      | Found an ornate altar of the Wu Jian Council.
  9060 | D:5      | Found a glowing golden altar of the Shining One.
  9060 | D:5      | Found a burning altar of Makhleb.
  9903 | D:6      | HP: 2/57 [centaur (5)]
  9904 | D:6      | Slain by a centaur

Illustrated notes

Levels and vault maps discovered:
D:1:      minmay_arrival_four_loops, layout_loops_ring,
          shapermc_ecumenical_altar_gd, kennysheep_minor_cross
D:2:      wander_river, layout_loops_ring, minivault_5
D:3:      layout_loops_ring, mainiacjoe_overflow_six_doors_small, uniq_sigmund
D:4:      layout_layer_cave, minmay_cupped
D:5:      layout_loops_ring, mainiacjoe_overflow_small_starburst,
          amethyst_overflow_temple_binary
D:6:      layout_gridville, chequers_serial_rivers_micro_d, uniq_maggie

Skill      XL: |  1  2  3  4  5  6  7  8 |
---------------+-------------------------+-----
Stealth        | 1 3 |  3.4
Conjurations   | 1 2 5 |  5.4
Evocations     | 1 2 |  2.5
Fighting       | 4 5 6 |  6.3
Dodging        | 3 |  3.8
Unarmed Combat | |  3.6
Spellcasting   | |  2.0
Transmutations | |  2.0

Action                   |  1- 3 |  4- 6 |  7- 9 || total
-------------------------+-------+-------+-------++-------
Melee: Unarmed           |    56 |       |       ||    56
       Tentacles         |     9 |     5 |     7 ||    21
       Kick              |     4 |       |       ||     4
       Constrict         |    12 |     3 |     9 ||    24
       Punch             |     1 |     1 |     1 ||     3
       Whip              |       |     8 |       ||     8
       Falchion          |       |     2 |     2 ||     4
       Halberd           |       |     7 |       ||     7
       War axe           |       |     6 |    34 ||    40
 Cast: Beastly Appendage |     7 |       |       ||     7
       Magic Dart        |    65 |    57 |    94 ||   216
Evoke: Wand              |       |     4 |     1 ||     5
  Use: Scroll            |       |     5 |     1 ||     6
 Stab: Sleeping          |     2 |     2 |     1 ||     5
Armor: Skin              |     5 |       |     3 ||     8
Dodge: Dodged            |    27 |    17 |    29 ||    73

Table legend: (Time is in decaauts)
 A = Elapsed time spent in this place.
 B = Non-inter-level travel time spent in this place.
 C = Inter-level travel time spent in this place.
 D = Time resting spent in this place.
 E = Time spent auto-exploring this place.
 F = Levels seen in this place.
 G = Mean time per level.
                   A        B        C        D        E       F      G
               +--------+--------+--------+--------+--------+-----+--------+
         Total |   9917 |   9374 |    543 |    236 |   8418 |   6 | 1652.8 |
       Dungeon |   9917 |   9374 |    543 |    236 |   8418 |   6 | 1652.8 |
               +--------+--------+--------+--------+--------+-----+--------+

Top non-repeatable levels by time:
     D:4: 3062 daAuts
     D:5: 2333 daAuts
     D:2: 1610 daAuts
     D:1: 1414 daAuts
     D:3: 1331 daAuts
     D:6: 165 daAuts
